Map: Pillars of Gold LE

Players

Reynor

  • Race: Zerg Zerg
  • Spawn Location: 1:00

maru - Winner!

  • Race: Terran Terran
  • Spawn Location: 7:00

Event: ASUS ROG Online 2020

VOD

Have the link to the VOD?

Description

Time

  • Played on: Nov. 29, 2020, 12:13 p.m.
  • Length: 22:23

All games in this series

Show
View Real Time Build Order
Export as new Build Order

Reynor Zerg 

Build Orders: Hatch First, Muta Ling Bane 

Get SALT Encoding   

  12  0:00  Drone  
  13  0:12  Overlord  
  13  0:17  Drone  
  14  0:31  Drone x2  
  16  0:51  Hatchery  
  16  0:53  Drone  
  16  0:57  Drone  
  16  1:01  Drone  
  18  1:11  Extractor  
  17  1:18  Spawning Pool  
  16  1:21  Drone  
  16  1:24  Drone  
  18  1:29  Drone  
  19  1:39  Drone  
  20  1:50  Overlord  
  20  2:04  Queen x2  
  20  2:05  Zergling x4  
  26  2:12  Drone  
  26  2:13  Drone  
  28  2:16  Metabolic Boost  
  28  2:22  Drone  
  29  2:25  Drone  
  30  2:33  Drone  
  30  2:35  Extractor  
  30  2:41  Queen  
  33  2:44  Overlord  
  33  2:46  Drone  
  33  2:48  Drone  
  35  2:52  Pneumatized Carapace  
  35  2:55  Drone  
  36  3:03  Drone  
  36  3:05  Drone  
  38  3:16  Hatchery  
  37  3:20  Drone x2  
  37  3:21  Drone  
  37  3:24  Drone x2  
  42  3:30  Overlord  
  42  3:31  Drone  
  44  3:34  Drone  
  44  3:49  Overlord, Drone x3  
  44  3:50  Drone  
  44  3:51  Drone  
  44  3:52  Drone x2  
  51  4:01  Overlord  
  51  4:02  Drone  
  52  4:06  Extractor, Queen  
  53  4:11  Zergling x2  
  53  4:13  Zergling x2  
  53  4:14  Queen  
  57  4:18  Evolution Chamber  
  57  4:22  Drone  
  57  4:24  Drone  
  57  4:28  Drone  
  57  4:29  Drone  
  57  4:31  Drone x2  
  62  4:34  Queen, Drone  
  62  4:35  Drone, Evolution Chamber  
  65  4:39  Drone  
  65  4:45  Zerg Ground Armor Level 1  
  66  4:46  Queen, Drone x2  
  66  4:49  Overlord  
  70  4:55  Drone  
  70  4:56  Drone  
  72  5:03  Zerg Melee Weapons Level 1, Drone  
  72  5:04  Lair  
  72  5:06  Drone  
  74  5:09  Drone  
  75  5:14  Drone x3  
  75  5:16  Hatchery  
  75  5:21  Drone x3  
  80  5:24  Overlord  
  80  5:26  Extractor, Drone x2  
  81  5:28  Drone, Baneling Nest  
  81  5:29  Drone  
  81  5:30  Extractor x3  
  81  5:32  Drone  
  80  5:36  Drone  
  80  5:41  Drone  
  82  5:43  Zergling x6  
  82  5:47  Drone x2  
  87  5:52  Overlord x2  
  87  5:54  Overlord  
  87  6:00  Overlord  
  87  6:05  Spire  
  87  6:11  Zergling x14  
  93  6:13  Centrifical Hooks, Drone  
  93  6:15  Zergling x4, Spore Crawler  
  93  6:17  Zergling x2  
  96  6:21  Drone x3  
  96  6:24  Zergling x2  
  96  6:25  Baneling x6  
  100  6:27  Zergling x4  
  100  6:29  Drone  
  102  6:33  Zergling x2, Queen  
  102  6:37  Drone  
  102  6:39  Drone x4  
  110  6:41  Zergling x2  
  110  6:44  Overlord  
  111  6:49  Overlord  
  111  6:51  Zerg Ground Armor Level 2  
  111  6:53  Overlord  
  111  6:59  Overlord  
  111  7:02  Drone  
  111  7:03  Drone x2  
  111  7:06  Drone x3  
  111  7:07  Zerg Melee Weapons Level 2  
  117  7:10  Zergling x14  
  124  7:18  Zergling x4  
  124  7:19  Zergling x2  
  124  7:22  Baneling x5  
  127  7:25  Zergling x8  
  127  7:26  Zerg Flyer Weapons Level 1  
  131  7:30  Drone  
  131  7:32  Zergling x4  
  131  7:35  Zergling x2, Baneling x8  
  135  7:40  Hatchery  
  135  7:43  Zergling x8  
  130  7:45  Zergling x6  
  130  7:46  Zergling x4  
  128  7:54  Mutalisk x4  
  128  7:56  Mutalisk x5  
  140  7:59  Drone x2  
  142  8:09  Mutalisk  
  142  8:11  Hatchery  
  143  8:16  Overlord  
  143  8:22  Overseer  
  143  8:26  Overlord x5  
  143  8:27  Overlord  
  143  8:30  Extractor  
  143  8:31  Extractor  
  143  8:33  Zergling x14  
  144  8:36  Overlord  
  144  8:37  Mutalisk  
  144  8:38  Mutalisk x3  
  152  8:47  Zergling x10  
  155  8:52  Drone  
  144  8:55  Mutalisk x3  
  144  8:56  Mutalisk  
  150  9:04  Drone x2  
  150  9:07  Overseer  
  150  9:08  Zergling x4  
  150  9:09  Zergling x6  
  157  9:11  Baneling x5  
  157  9:12  Baneling x5  
  157  9:13  Queen, Drone  
  157  9:15  Drone x4  
  164  9:17  Hatchery  
  164  9:18  Mutalisk  
  164  9:21  Zergling x4  
  167  9:28  Mutalisk x2  
  167  9:30  Drone x2  
  167  9:34  Drone x2  
  167  9:35  Drone x6  
  167  9:37  Mutalisk x2  
  179  9:40  Drone  
  179  9:45  Zergling x8  
  184  9:47  Baneling x10  
  178  9:53  Zergling x12  
  178  9:54  Mutalisk  
  178  9:55  Mutalisk  
  178  9:56  Drone  
  189  10:02  Drone x5  
  189  10:03  Drone  
  189  10:04  Zergling x2  
  189  10:06  Baneling x9  
  193  10:15  Drone  
  193  10:16  Drone x5  
  193  10:17  Extractor  
  193  10:20  Baneling x11  
  198  10:27  Baneling x2  
  196  10:39  Zergling x20  
  196  10:42  Zerg Flyer Weapons Level 2  
  199  10:52  Zergling x2  
  199  10:53  Overseer  
  199  10:55  Spine Crawler, Spore Crawler, Extractor  
  198  10:57  Drone  
  198  11:00  Zergling x4  
  198  11:02  Baneling x16  
  200  11:06  Hatchery  
  200  11:08  Infestation Pit  
  194  11:24  Mutalisk x5  
  192  11:27  Zergling x14  
  192  11:35  Zergling x30  
  200  11:48  Baneling x12  
  200  11:51  Baneling x12  
  200  11:57  Zergling x4  
  200  12:00  Baneling  
  200  12:01  Baneling x6  
  200  12:04  Hive  
  198  12:14  Zergling x4  
  200  12:17  Extractor  
  197  12:24  Drone x3  
  197  12:28  Extractor  
  199  12:31  Baneling  
  199  12:32  Baneling x15  
  192  12:38  Zergling x16  
  192  12:41  Zergling x4  
  187  12:54  Zergling x2  
  187  12:55  Zergling x40  
  187  12:58  Zergling x24, Zerg Flyer Armor Level 1  
  197  13:01  Zergling x2  
  197  13:03  Baneling x8  
  197  13:04  Baneling x9  
  191  13:07  Zergling x8  
  190  13:13  Zergling x6  
  190  13:17  Mutalisk  
  187  13:20  Mutalisk x4  
  187  13:23  Hatchery  
  187  13:24  Zergling x6  
  180  13:30  Mutalisk x5  
  180  13:32  Zergling x2, Queen  
  180  13:33  Zergling x4  
  180  13:34  Zergling x2  
  196  13:35  Baneling x10  
  196  13:36  Baneling x5  
  196  13:37  Zerg Ground Armor Level 3  
  196  13:41  Zergling x2  
  197  13:42  Hatchery  
  197  13:47  Baneling  
  197  13:48  Baneling x14  
  196  13:57  Drone  
  196  13:58  Extractor x2, Drone, Overlord  
  196  13:59  Overlord x2  
  196  14:00  Zerg Melee Weapons Level 3  
  197  14:02  Zergling x2  
  191  14:23  Zergling x2  
  191  14:24  Zergling x44  
  194  14:29  Ultralisk Cavern  
  193  14:31  Zergling x6  
  193  14:32  Zergling x2  
  193  14:38  Zergling x8  
  197  14:46  Zergling x6  
  197  14:52  Zerg Flyer Weapons Level 3  
  195  14:56  Zergling x28  
  195  15:07  Adrenal Glands  
  195  15:13  Zergling x20  
  195  15:14  Zergling x2  
  196  15:21  Baneling x30  
  191  15:25  Zergling x12  
  184  15:28  Zergling x2  
  184  15:31  Chitinous Plating  
  184  15:33  Zergling x2, Ultralisk x3  
  197  15:36  Zergling x4  
  196  15:53  Baneling x18  
  193  15:59  Zergling x22  
  193  16:02  Zergling x4  
  193  16:21  Zergling x16  
  193  16:22  Queen  
  195  16:31  Zergling x16  
  176  16:35  Zergling x4  
  176  16:38  Ultralisk  
  175  16:41  Zergling x2  
  175  16:45  Ultralisk x2  
  175  16:46  Zergling x2  
  180  16:49  Queen  
  180  16:51  Queen  
  180  16:52  Mutalisk x2  
  180  16:54  Mutalisk  
  183  16:58  Mutalisk  
  186  17:02  Mutalisk  
  187  17:09  Corruptor  
  187  17:11  Mutalisk x2  
  193  17:17  Hatchery  
  172  17:23  Overseer  
  172  17:25  Zergling x10  
  172  17:27  Zergling x4  
  172  17:28  Extractor  
  179  17:30  Zergling x2  
  179  17:31  Queen  
  179  17:33  Mutalisk  
  179  17:36  Mutalisk  
  185  17:38  Zergling x2  
  185  17:42  Baneling x7  
  185  17:43  Zergling x2  
  187  17:45  Zergling x2  
  187  17:48  Zergling x2  
  178  17:54  Hatchery  
  178  17:55  Mutalisk x3  
  176  18:00  Zergling x4  
  176  18:02  Mutalisk  
  176  18:03  Mutalisk x2  
  176  18:05  Zergling x6  
  174  18:09  Mutalisk  
  174  18:10  Hatchery  
  174  18:11  Zergling x2  
  174  18:15  Mutalisk  
  176  18:23  Zergling x4  
  175  18:28  Mutalisk  
  174  18:36  Zergling x6  
  173  18:47  Zergling x4, Ultralisk  
  183  18:51  Baneling x4  
  183  18:56  Zergling x4  
  185  19:05  Zergling x8  
  187  19:15  Zergling x2  
  187  19:16  Zergling x14  
  158  19:33  Zergling x8  
  156  19:41  Zergling x8, Ultralisk  
  156  19:44  Overseer  
  166  19:50  Zergling x4  
  168  20:01  Baneling x2  
  168  20:02  Hatchery, Baneling x2  
  168  20:03  Zergling x10  
  168  20:04  Zergling x4  
  168  20:05  Baneling x3  
  173  20:08  Zergling x2  
  173  20:13  Baneling  
  173  20:14  Baneling x7  
  174  20:19  Zergling x4  
  174  20:20  Zergling x4  
  168  20:25  Zergling x4  
  151  20:29  Zergling x2, Ultralisk  
  151  20:31  Zergling x2  
  151  20:35  Zergling x2  
  150  20:39  Zergling x4  
  148  20:43  Zergling x2  
  148  20:44  Zergling x2  
  148  20:45  Zergling x2  
  152  20:50  Baneling x6  
  152  20:51  Baneling  
  152  20:52  Zergling x2  
  152  20:53  Zergling x6  
  137  20:59  Zergling x6  
  136  21:06  Hatchery, Overseer  
  136  21:09  Zergling x8  
  135  21:15  Zergling x2  
  134  21:23  Hatchery  
  134  21:25  Zergling x6  
  133  21:29  Overseer  
  133  21:41  Zergling x8  
  133  21:42  Zergling x2  
  135  22:00  Zergling x8  
  135  22:01  Zergling x6  
Show
View Real Time Build Order
Export as new Build Order

maru Terran - Winner!

Build Orders: Reaper Expand 

Get SALT Encoding   

  12  0:00  SCV  
  13  0:12  SCV  
  14  0:18  Supply Depot  
  14  0:24  SCV  
  15  0:39  SCV  
  15  0:41  Barracks  
  16  0:46  Refinery  
  16  0:51  SCV  
  17  1:03  SCV  
  18  1:15  SCV  
  19  1:28  Orbital Command  
  19  1:29  Reaper  
  20  1:42  Command Center  
  20  1:53  Supply Depot  
  21  1:54  SCV  
  21  2:01  Marine  
  21  2:06  SCV  
  23  2:10  Factory  
  23  2:18  SCV  
  24  2:24  Barracks Reactor  
  24  2:30  SCV  
  25  2:42  SCV  
  26  2:48  Command Center  
  26  2:54  Orbital Command  
  26  2:57  SCV  
  27  3:07  Hellion  
  27  3:08  Hellion  
  27  3:10  Barracks Tech Lab  
  27  3:11  SCV  
  32  3:21  SCV  
  32  3:23  SCV  
  34  3:29  Stimpack, Hellion x2, Marine  
  38  3:36  SCV x2  
  38  3:39  Refinery  
  40  3:48  SCV  
  41  3:53  Barracks x2, SCV  
  42  3:59  Factory Reactor  
  42  4:02  Orbital Command  
  42  4:03  SCV  
  42  4:05  SCV  
  42  4:09  Engineering Bay  
  44  4:10  Engineering Bay  
  44  4:13  Refinery  
  44  4:14  Marine  
  46  4:17  SCV x2  
  47  4:26  Starport  
  47  4:29  SCV x2  
  49  4:31  SCV  
  50  4:41  Terran Infantry Armor Level 1, Terran Infantry Weapons Level 1, SCV  
  51  4:47  Supply Depot, Factory Reactor  
  51  4:50  SCV x2, Marine x3  
  51  4:51  Marine x2  
  58  4:54  SCV  
  58  4:59  Supply Depot  
  59  5:04  Orbital Command  
  59  5:05  SCV  
  59  5:06  SCV  
  61  5:10  Combat Shield, Refinery  
  61  5:11  Marine x2  
  61  5:14  Supply Depot, Marine x2  
  64  5:16  Marine  
  64  5:17  SCV  
  64  5:19  SCV  
  68  5:29  SCV  
  68  5:31  Factory Reactor, SCV x2  
  68  5:32  Marine  
  68  5:33  Medivac x2, Marine  
  77  5:36  Marine x2  
  77  5:39  Supply Depot  
  79  5:43  SCV  
  79  5:47  SCV  
  79  5:48  SCV  
  82  5:51  Supply Depot  
  82  5:53  Marine x3  
  85  6:00  Marine x2  
  85  6:01  Armory, SCV  
  85  6:03  Supply Depot  
  88  6:09  Widow Mine  
  88  6:10  Widow Mine  
  92  6:12  Medivac x2  
  92  6:16  SCV x2  
  92  6:17  SCV  
  99  6:22  Supply Depot  
  99  6:23  Marine x2  
  99  6:24  Marine x3  
  104  6:27  Supply Depot  
  104  6:29  Factory  
  104  6:33  SCV  
  104  6:37  Widow Mine x2  
  109  6:40  Supply Depot  
  109  6:43  Marine  
  109  6:45  Marine  
  111  6:49  Marine  
  111  6:50  Medivac x2, Marine x2  
  111  6:53  SCV  
  118  7:00  SCV  
  119  7:01  Marine  
  119  7:02  Supply Depot, Barracks, SCV  
  119  7:03  Barracks, Marine  
  119  7:05  SCV  
  119  7:06  Supply Depot  
  119  7:07  Marine  
  124  7:09  Terran Infantry Armor Level 2, Terran Infantry Weapons Level 2  
  124  7:12  SCV  
  124  7:13  Widow Mine  
  124  7:14  SCV  
  128  7:17  SCV  
  128  7:18  Marine x2  
  128  7:21  Factory Tech Lab  
  131  7:27  SCV x2  
  131  7:29  SCV  
  134  7:30  Marine  
  134  7:31  Marine x2  
  134  7:36  Marine  
  134  7:39  SCV  
  134  7:41  Drilling Claws, Widow Mine x2  
  134  7:42  SCV x2  
  129  7:45  Marine  
  119  7:51  SCV  
  119  7:52  Barracks Reactor  
  119  7:53  Widow Mine  
  119  7:54  SCV x2  
  119  7:57  Marine  
  122  8:03  SCV  
  122  8:04  Widow Mine  
  122  8:05  Widow Mine  
  127  8:06  SCV x2  
  129  8:14  Barracks Reactor  
  129  8:15  Widow Mine  
  129  8:16  SCV  
  129  8:18  Command Center, SCV x2  
  136  8:27  Widow Mine  
  136  8:28  SCV  
  137  8:36  Thor  
  137  8:38  Barracks  
  137  8:39  Barracks  
  137  8:41  Barracks  
  134  8:43  Widow Mine, Marine x3  
  134  8:44  Marauder, Marine x3  
  134  8:46  Refinery  
  134  8:47  Refinery  
  140  8:49  Missile Turret  
  140  8:52  SCV  
  130  8:58  SCV  
  130  8:59  Marine  
  130  9:00  Marine  
  130  9:01  Marine x3  
  127  9:05  Marauder  
  127  9:07  Marine  
  127  9:09  Missile Turret  
  130  9:10  Missile Turret  
  130  9:11  Missile Turret  
  130  9:16  Missile Turret  
  130  9:18  Marine x4  
  130  9:19  Concussive Shells, Marine  
  145  9:24  Widow Mine x2  
  145  9:26  Marauder  
  147  9:33  Barracks Tech Lab x3  
  147  9:40  Terran Infantry Weapons Level 3  
  147  9:42  Terran Infantry Armor Level 3  
  147  9:44  Widow Mine  
  143  9:46  Missile Turret  
  143  9:48  Marauder, SCV, Marine x2  
  143  9:49  Missile Turret, Marine x5  
  153  9:53  Planetary Fortress  
  153  9:55  Missile Turret, SCV x2  
  153  10:00  Supply Depot, SCV  
  153  10:01  Supply Depot  
  154  10:09  Missile Turret, Marauder  
  154  10:10  Missile Turret  
  154  10:14  Refinery  
  152  10:16  Marauder x2  
  152  10:20  Terran Vehicle And Ship Armor Level 1  
  156  10:21  Supply Depot  
  156  10:22  Medivac x2, Marine x2  
  156  10:23  Supply Depot  
  162  10:30  Marauder, Marine x2  
  162  10:31  Marauder  
  162  10:33  Marine x2  
  164  10:38  Marauder x2  
  165  10:43  Marine  
  165  10:44  Supply Depot, Marine x3  
  169  10:51  Marauder, Marine x4  
  169  10:52  Medivac x2, Marauder  
  169  10:56  Supply Depot, Command Center  
  181  10:58  Marine  
  181  10:59  Marauder  
  181  11:02  Supply Depot  
  184  11:04  Orbital Command  
  184  11:06  Command Center  
  184  11:07  Marine x2  
  186  11:13  Marauder x2  
  186  11:17  Marauder  
  190  11:22  Medivac  
  181  11:30  Marauder, Marine  
  182  11:40  Command Center  
  182  11:43  Supply Depot  
  182  11:44  Marauder x2, Marine  
  182  11:46  Missile Turret x2  
  182  11:47  Missile Turret  
  187  11:53  Marauder  
  189  12:02  Sensor Tower  
  189  12:04  Marine x3  
  189  12:05  Marauder  
  189  12:06  Marauder  
  196  12:18  Marine x2  
  196  12:19  Marauder  
  200  12:28  Missile Turret  
  200  12:29  Missile Turret  
  200  12:31  Terran Vehicle And Ship Armor Level 2  
  200  12:36  Marauder, Marine  
  195  12:40  Orbital Command, Marine  
  195  12:41  Marauder  
  195  12:42  Marine  
  195  12:43  Marauder  
  197  12:56  Marauder, Marine x3  
  197  12:58  Marauder, Marine  
  173  13:00  SCV x2  
  173  13:02  Marauder  
  173  13:04  Medivac x2, Marauder  
  173  13:05  Planetary Fortress x2  
  182  13:15  Marine  
  182  13:16  Marine x3  
  182  13:18  Marauder  
  182  13:19  Marauder  
  152  13:27  Marauder x2, Marine  
  152  13:32  Missile Turret  
  152  13:33  Marine  
  158  13:34  Medivac x2, Marine  
  163  13:42  Thor, Widow Mine x2  
  171  13:50  Barracks Reactor  
  171  13:54  Missile Turret  
  171  14:00  Missile Turret x3  
  171  14:02  Marauder x3, Marine x3  
  180  14:03  Marauder  
  182  14:18  Marine  
  182  14:24  Marauder x2, Marine  
  186  14:25  Marine  
  186  14:26  SCV  
  186  14:27  Widow Mine x2  
  186  14:28  SCV x2  
  186  14:29  SCV  
  191  14:33  Missile Turret  
  191  14:36  Missile Turret x2  
  189  14:41  SCV  
  189  14:42  SCV x2  
  189  14:43  SCV  
  189  14:45  Missile Turret  
  190  14:48  Medivac  
  190  14:49  Marauder x2, Marine x4  
  190  14:50  Marauder, Marine  
  198  14:53  SCV  
  198  14:54  SCV  
  198  14:59  Marauder, Marine  
  199  15:04  SCV  
  200  15:12  Marine x3  
  200  15:13  Marauder x2  
  200  15:18  Missile Turret  
  200  15:19  Missile Turret  
  198  15:24  Marine  
  198  15:25  Marauder  
  191  15:28  Marine x2  
  191  15:29  Marauder  
  191  15:30  Missile Turret, Marine x3  
  191  15:34  Marauder x2  
  193  15:39  SCV x2  
  193  15:40  Missile Turret  
  195  15:44  Marine  
  195  15:46  Marauder  
  195  15:47  Marine x2  
  200  15:51  Command Center  
  196  16:08  Marine x2  
  196  16:09  Marauder  
  200  16:17  Barracks  
  200  16:18  Command Center  
  200  16:19  Barracks x2  
  198  16:32  Marauder, Marine  
  169  16:34  Marauder, Marine x2  
  169  16:35  Marauder  
  161  16:47  Marauder, Marine x3  
  161  16:48  Medivac x2, Widow Mine x3  
  161  16:49  Marine  
  161  16:52  Marine x2  
  161  16:54  Marauder  
  175  16:55  Marine  
  175  16:56  Marauder  
  176  17:05  Marine x3  
  173  17:08  Marauder  
  173  17:09  Barracks Tech Lab x2  
  173  17:10  Refinery x2  
  173  17:14  Marauder, Marine  
  173  17:15  Barracks Reactor, Marauder, Marine  
  179  17:17  Marauder  
  179  17:18  Medivac x2  
  183  17:28  Orbital Command  
  185  17:30  Marauder  
  185  17:35  Marauder  
  187  17:41  Marine  
  187  17:42  Marauder  
  190  17:44  Widow Mine  
  190  17:48  Medivac  
  186  17:52  Marauder, Marine  
  186  17:55  Widow Mine x2  
  187  18:02  Marine x2  
  187  18:03  Marauder x2  
  181  18:07  Marine  
  181  18:08  Marauder x3  
  181  18:12  Widow Mine  
  169  18:16  Widow Mine x2  
  173  18:24  Marauder x2, Marine x2  
  173  18:26  Medivac x2  
  182  18:31  Marine x2  
  182  18:33  Widow Mine, Marine x4  
  188  18:36  Marine x3  
  188  18:37  Marauder, Widow Mine  
  188  18:38  Widow Mine  
  188  18:41  Refinery, Marine  
  195  18:42  Refinery, Marine  
  195  18:45  Marine  
  198  18:49  Marine x2  
  200  18:55  Command Center  
  199  19:05  Marauder, Marine  
  200  19:14  Marine  
  200  19:15  Marauder  
  200  19:16  Marine  
  189  19:25  Marauder x2, Marine x2  
  189  19:29  Widow Mine  
  189  19:30  Widow Mine  
  191  19:31  Marine x7  
  191  19:32  Marine  
  191  19:34  Marine  
  191  19:35  Missile Turret x2  
  191  19:37  Missile Turret x2  
  186  19:40  Widow Mine  
  186  19:42  Marine  
  186  19:43  Planetary Fortress, Marine x2  
  188  19:46  Missile Turret  
  188  19:51  Widow Mine  
  186  20:01  Thor  
  186  20:03  Widow Mine, Marine  
  186  20:04  Marauder x2  
  197  20:15  Marauder, Marine  
  197  20:18  Missile Turret  
  197  20:20  Missile Turret  
  183  20:31  Marine x2  
  183  20:32  Marauder x2  
  183  20:35  Marauder x2, Marine x2  
  178  20:38  Marauder, Marine  
  179  20:44  Thor  
  179  20:45  Marauder, Marine x2  
  179  20:49  Marine x3  
  163  20:59  Marauder, Marine  
  163  21:02  Marine  
  163  21:03  Marine  
  151  21:05  Marine  
  146  21:12  SCV  
  146  21:16  SCV x2  
  149  21:24  SCV  
  148  21:26  Widow Mine  
  148  21:28  SCV  
  147  21:33  Medivac  
  147  21:34  Medivac  
  151  21:42  Widow Mine x2  
  153  21:47  Marine  
  153  21:48  Marauder  
  153  21:51  Widow Mine  
  158  21:58  Marauder x3, Marine x4  
Tags
 
Add a new tag
Caveats
  • Supply blocks, unpowered buildings, or Contaminate may cause inaccurate times.
  • Supply counts are checked every 10 seconds.